 Dungeon Crawl Stone Soup version 0.21.0-3-g78d12a8bdd (webtiles) character file.

123 Rrauwl the Insei (level 5, 0/39 HPs)
             Began as a Merfolk Transmuter on Jan 13, 2018.
             Slain by Robin
             ... wielding a +0 spear
              (3 damage)
             ... on level 2 of the Dungeon.
             The game lasted 00:05:56 (2258 turns).

Rrauwl the Insei (Merfolk Transmuter)               Turns: 2258, Time: 00:05:57

Health: 0/39       AC:  4    Str: 10    XL:     5   Next: 7%
Magic:  8/8        EV: 14    Int: 18    God:
Gold:   141        SH:  0    Dex: 15    Spells: 7/8 levels left

rFire    . . .     SeeInvis .     - Unarmed
rCold    . . .     Gourm    .   (no shield)
rNeg     . . .     Faith    .   b - +0 robe
rPois    .         Spirit   .   m - +0 helmet
rElec    .         Reflect  .   (no cloak)
rCorr    .         Harm     .   (no gloves)
MR       .....                  i - +0 pair of boots
Stlth    +.........             (no amulet)
HPRegen  0.13/turn              (no ring)
MPRegen  0.11/turn              (no ring)

@: brilliant
A: change form in water, swift swim, stealthy swim
a: no special abilities


You were on level 2 of the Dungeon.
You were not hungry.

You visited 1 branch of the dungeon, and saw 2 of its levels.

You collected 141 gold pieces.

Inventory:

Missiles
 a - 12 arrows
Armour
 b - a +0 robe (worn)
 i - a +0 pair of boots (worn)
 m - a +0 helmet (worn)
Scrolls
 e - 4 scrolls of blinking {unknown}
 g - a scroll of enchant armour {unknown}
 h - a scroll of enchant weapon {unknown}
 j - a scroll of immolation {unknown}
 k - 2 scrolls of fear {unknown}
 l - 2 scrolls of amnesia {unknown}
 n - a scroll of magic mapping {unknown}
 q - a scroll of noise {unknown}
Books
 c - a book of Changes

   Spells                             Type                      Level
   a - Beastly Appendage              Transmutation                1
   b - Sticks to Snakes               Transmutation                2
   c - Spider Form                    Transmutation/Poison         3
   d - Ice Form                       Ice/Transmutation            4
   e - Blade Hands                    Transmutation                5
Comestibles
 d - 4 rations
 o - a chunk of flesh


   Skills:
 + Level 2.6 Fighting
 + Level 4.0 Dodging
 + Level 4.2 Unarmed Combat
 - Level 2.0 Spellcasting
 + Level 4.1 Transmutations


You had 7 spell levels left.
You knew the following spells:

 Your Spells              Type           Power        Failure   Level  Hunger
a - Beastly Appendage     Tmut           ####..       1%          1    #......


Dungeon Overview and Level Annotations

Branches:
Dungeon (2/15)

Altars:

Annotations:
D:2 Robin


Message History

Robin is moderately wounded.
Robin hits you with a spear.
* * * LOW HITPOINT WARNING * * *
You hit Robin but do no damage.
Robin is moderately wounded.
Robin closely misses you.
You closely miss Robin.
Robin is moderately wounded.
Robin barely misses you.
You hit Robin.
Robin is moderately wounded.
Robin hits you with a spear.
* * * LOW HITPOINT WARNING * * *
You hit Robin but do no damage.
Robin is moderately wounded.
Robin hits you but does no damage.
You hit Robin.
Robin is heavily wounded.
Robin hits you with a spear.
You die...

...##.# #......#
..###.# ######.#
### #.# #.# .# .#
#.# .# .#
#####.######## ##
## ###
#.........).). ##
#....(.....########
.##
#######.####.##..#
..##
.......g@....##..#
...##
######)#######..#
#..8# #.# #..#
#.<.# ##.# #..#
#..8# #.(# #..#
...### #.## #..#
..##.#### #.#
#..##### .###....#
#.# #......# ##
####.# #.# #)####.#


You could see Robin.

Vanquished Creatures
  6 adders
  2 oozes (D:1)
  2 dart slugs
  2 leopard geckos
  9 bats
  A giant cockroach (D:2)
  11 goblins
  7 hobgoblins
  2 jackals (D:1)
  2 quokkas (D:2)
  A ball python (D:2)
  6 kobolds
  3 rats
54 creatures vanquished.

Notes
Turn   | Place    | Note
-------+----------+-------------------------------------------
     0 | D:1      | Rrauwl the Merfolk Transmuter began the quest for the Orb.
     0 | D:1      | Reached XP level 1. HP: 15/15 MP: 3/3
    63 | D:1      | Reached XP level 2. HP: 19/21 MP: 5/5
   395 | D:1      | Reached XP level 3. HP: 25/27 MP: 6/6
  1093 | D:2      | Reached XP level 4. HP: 30/33 MP: 7/7
  2204 | D:2      | Reached XP level 5. HP: 39/39 MP: 8/8
  2226 | D:2      | Noticed Robin
  2258 | D:2      | Slain by Robin

Skill      XL: |  1  2  3  4 |
---------------+-------------+-----
Dodging        | 3 4 |  4.0
Transmutations | 3 4 |  4.1
Fighting       | 2 |  2.6
Unarmed Combat | 4 |  4.2
Spellcasting   | |  2.0

Action                   |  1- 3 |  4- 6 || total
-------------------------+-------+-------++-------
Melee: Unarmed           |   125 |   153 ||   278
       Headbutt          |     2 |       ||     2
       Punch             |       |     1 ||     1
 Cast: Beastly Appendage |     1 |       ||     1
  Use: Potion            |       |     2 ||     2
 Stab: Sleeping          |     2 |       ||     2
  Eat: Chunk             |     1 |     1 ||     2
       Ration            |       |     1 ||     1
Armor: Robe              |    50 |    34 ||    84
Dodge: Dodged            |   108 |   124 ||   232
